 Dungeon Crawl Stone Soup version 0.32-a0-471-gb91d5d9764 (webtiles) character file.

Game seed: 16575525373253021972

95 Goblin1989 the Sneak (level 4, -2/35 HPs)
             Began as a Demonspawn Delver on Feb 25, 2024.
             Was a Priest of Uskayaw.
             Succumbed to Eustachio's poison
             ... on level 5 of the Dungeon.
             The game lasted 00:04:32 (288 turns).

Goblin1989 the Sneak (Demonspawn Delver)             Turns: 288, Time: 00:04:33

Health: -2/35      AC:  3    Str: 12    XL:     4   Next: 40%
Magic:  4/4        EV: 12    Int: 11    God:    Uskayaw [***...]
Gold:   42         SH:  0    Dex: 16    Spells: 3/3 levels left

rFire   . . .        a - +0 short sword
rCold   . . .        (no shield)
rNeg    . . .        b - +0 leather armour
rPois   .            (no helmet)
rElec   .            (no cloak)
rCorr   .            (no gloves)
SInv    .            (no boots)
Will    .....        (no amulet)
Stlth   +++          (no ring)
HPRegen 0.25/turn    (no ring)
MPRegen 0.09/turn

%: no passive effects
@: lethally poisoned (-2 -> -24), invisible
A: sturdy frame 2
a: Renounce Religion, Stomp, Line Pass


You were on level 5 of the Dungeon.
You worshipped Uskayaw.
Uskayaw was noncommittal.
You visited 1 branch of the dungeon, and saw 2 of its levels.

You collected 42 gold pieces.

Inventory:

Hand Weapons
 a - a +0 short sword (weapon)
Armour
 b - a +0 leather armour (worn)
Wands
 g - a wand of digging (3) {@v3}
 i - a wand of acid (5) {@v4}
Scrolls
 c - a scroll of fog
 j - a scroll of enchant weapon {unknown}
 k - a scroll of butterflies {unknown}
Potions
 f - a potion of haste {@q3,}


   Skills:
 - Level 3.0 Fighting
 + Level 3.2 Short Blades
 - Level 1.7 Dodging
 + Level 5.5 Stealth


You had 3 spell levels left.
You didn't know any spells.
Your spell library was empty.

Dungeon Overview and Level Annotations

Branches:
Dungeon (6/15) Zot: 11713
 Temple: D:4-7

Altars:
Fedhas
Kikubaaqudgha
Makhleb
Uskayaw

Annotations:
D:5 Blork the orc, Eustachio


Innate Abilities, Weirdness & Mutations

Your movements are less encumbered by armour. (ER -4)


Message History

The orc is severely wounded.
The orc closely misses you.
You barely miss the orc.
The orc is severely wounded.
The orc barely misses you.
You hit the orc.
You kill the orc!
Your Short Blades skill increases to level 3!
You see here a +0 club.
Found a stone staircase leading up.
Found a hand axe.
You strike the helpless orc from behind!
You puncture the orc!
You kill the orc!
You can now pass through a line of other dancers.
k - a scroll labelled BIN SACZASETT
Things that are here:
a +0 mace; an orc corpse You can no longer pass through a line of other dancers.
You now have 42 gold pieces (gained 16).
There is a stone staircase leading up here.
You can't go down here!
You climb upwards.
Level annotation: Blork the orc
There is a stone staircase leading down here.
Unknown command.
The hound barks!
You hear a shout!
Aiming: Corrosive Bolt
Press: ? - help, Shift-Dir - straight line, f - phantom
Aim: a phantom (60% to hit)
Out of range.
Okay, then.
The hound barely misses you.
Aiming: Corrosive Bolt
Press: ? - help, Shift-Dir - straight line, f - phantom
Aim: a phantom (60% to hit)
The bolt of acid hits the hound!
The acid corrodes the hound!
The hound is moderately wounded.
The bolt of acid hits the phantom!
The acid corrodes the phantom!
The phantom is heavily damaged.
The iguana hisses angrily.
The hound barely misses you.
Eustachio the Magnificent comes into view.
He is wielding a +1 rapier of venom.
Aiming: Corrosive Bolt
Press: ? - help, Shift-Dir - straight line, f/p - phantom
Aim: a phantom (heavily damaged, covered in acid, 60% to hit)
The bolt of acid hits the hound!
The hound is almost dead.
The bolt of acid hits the phantom!
The phantom is almost destroyed.
The hound misses you. The hound bites you.
You can now pass through a line of other dancers.
You take 2 damage, and have 27/29 hp.
Aiming: Corrosive Bolt
Press: ? - help, Shift-Dir - straight line, f/p - phantom
Aim: a phantom (almost destroyed, covered in acid, 60% to hit)
The bolt of acid hits the hound!
The hound seems to be corroded for longer.
You kill the hound!
The bolt of acid misses the phantom.
Uskayaw will force your foes to helplessly watch your dance.
Uskayaw prepares the audience for your solo!
You have reached level 4!
You feel clever.
Your demonic ancestry asserts itself...
You feel less encumbered by your armour.
You regained 6 hp, and now have 33/35 hp.
MP restored: 4 A bullfrog comes into view.
Eustachio is no longer paralysed.
The phantom is no longer paralysed.
The iguana is no longer paralysed.
Eustachio mumbles some strange words.
Eustachio blinks!
The phantom hits you.
The phantom blinks!
You blink.
Found 6 boomerangs and a scroll labelled KUMOTO CUMOLE.
You take 4 damage, and have 29/35 hp.
You barely miss Eustachio.
The bullfrog gives a loud, deep croak!
Eustachio hits you with a +1 rapier of venom!
You are poisoned.
The phantom hits you.
You take 11 damage, and have 18/35 hp.
MASSIVE DAMAGE!!
There's nothing to close nearby.
Unknown command.
Aiming: Corrosive Bolt
Press: ? - help, Shift-Dir - straight line, f - Eustachio, p - phantom
Aim: Eustachio, wielding a +1 rapier of venom and wearing a +0 leather armour (60% to hit)
The bolt of acid hits Eustachio!
The acid corrodes Eustachio!
Eustachio is moderately wounded.
You feel very sick.
Eustachio hits you with a +1 rapier of venom!
* * * LOW HITPOINT WARNING * * *
You are more poisoned.
The iguana hisses menacingly.
The phantom hits you.
* * * LOW HITPOINT WARNING * * *
The phantom blinks!
You blink.
You take 16 damage, and have 2/35 hp.
MASSIVE DAMAGE!!
It was a potion of invisibility.
You fade into invisibility!
You die...
Your body falls in perfect tune with the rhythm.

▓···▓▓▓▓█..·█..██.██..█▓▓▓···
▓▓···▓..█.█.██.....§§..█▓▓····
▓▓·····....█.........@.......··
▓▓···▓··.█........§.l.........··
▓····▓▓▓.........█.........(.█▓·
▓▓·······.....................█··
▓········..........>F...█..█...··
▓▓·······.......W..§....█......·▓
▓······<··..█..@............?.▓▓
▓▓···▓▓···.·██............····▓▓
▓····▓·····▓▓██.........██······
▓▓····▓······▓ ██..........······
▓···········▓▓▓▓█..........······
············▓▓··█.█████....······
··▓····▓·········..▓▓▓···········
··▓··············..··············
··············▓···············▓·▓


You could see Eustachio (unable to see you, corroded), a phantom (unable to see
you, corroded), a bullfrog (unable to see you) and an iguana (unable to see
you).

Vanquished Creatures
  A scorpion (D:6)
  A hound (D:5)
  3 orcs (D:6)
5 creatures vanquished.

Notes
Turn   | Place    | Note
-------+----------+-------------------------------------------
     0 | D:5      | Goblin1989 the Demonspawn Delver began the quest for the
                  | Orb.
     0 | D:5      | Reached XP level 1. HP: 18/18 MP: 1/1
    14 | D:5      | Noticed a water moccasin
    16 | D:5      | Noticed a hound
    42 | D:5      | Found a blossoming altar of Fedhas.
    47 | D:5      | Found an ancient bone altar of Kikubaaqudgha.
    59 | D:5      | Noticed Blork the orc
    77 | D:6      | Noticed a scorpion
   116 | D:6      | Found a hide-covered altar of Uskayaw.
   125 | D:6      | Became a worshipper of Uskayaw the Reveller
   214 | D:6      | Found a burning altar of Makhleb.
   233 | D:6      | Noticed a scorpion
   236 | D:6      | Reached * piety under Uskayaw
   237 | D:6      | Killed a scorpion
   237 | D:6      | Reached ** piety under Uskayaw
   238 | D:6      | Reached skill level 5 in Stealth
   238 | D:6      | Gained mutation: Your movements are slightly less
                  | encumbered by armour. (ER -2) [demonic ancestry]
   238 | D:6      | Reached XP level 2. HP: 23/24 MP: 2/2
   238 | D:6      | Reached XP level 3. HP: 28/29 MP: 3/3
   276 | D:5      | Noticed a phantom
   282 | D:5      | Noticed Eustachio
   284 | D:5      | Reached *** piety under Uskayaw
   285 | D:5      | Gained mutation: Your movements are less encumbered by
                  | armour. (ER -4) [demonic ancestry]
   285 | D:5      | Reached XP level 4. HP: 33/35 MP: 4/4
   285 | D:5      | Noticed a bullfrog
   288 | D:5      | Succumbed to Eustachio's poison

Illustrated notes

Levels and vault maps discovered:
D:5:      layout_cave_pools, grunt_temple_overflow_growth_and_decay,
          amcnicky_mini_pool_small, uniq_duvessa, uniq_eustachio,
          uniq_blork_the_orc
D:6:      layout_loops_ring, lightli_temple_of_fire, nicolae_uskayaw_suspiria,
          nicolae_benzene_ring, minmay_fire_ice_demons, uniq_jeremiah

Skill      XL: |  1  2  3 |
---------------+----------+-----
Short Blades   | 2 3 |  3.2
Stealth        | 5 |  5.5
Fighting       | |  3.0
Dodging        | |  1.7

Action                     |  1- 3 |  4- 6 || total
---------------------------+-------+-------++-------
  Melee: Short sword       |     5 |     1 ||     6
  Evoke: Wand              |     7 |     1 ||     8
    Use: Scroll            |     2 |       ||     2
         Potion            |       |     1 ||     1
   Stab: Distracted        |     1 |       ||     1
 Armour: Leather armour    |     2 |     5 ||     7
  Dodge: Dodged            |     6 |       ||     6

Table legend: (Time is in decaauts)
 A = Elapsed time spent in this place.
 B = Non-inter-level travel time spent in this place.
 C = Inter-level travel time spent in this place.
 D = Time resting spent in this place.
 E = Time spent auto-exploring this place.
 F = Levels seen in this place.
 G = Mean time per level.
                   A        B        C        D        E       F      G
               +--------+--------+--------+--------+--------+-----+--------+
         Total |    286 |    286 |      0 |      3 |      0 |   2 |  143.0 |
       Dungeon |    286 |    286 |      0 |      3 |      0 |   2 |  143.0 |
               +--------+--------+--------+--------+--------+-----+--------+

Top non-repeatable levels by time:
     D:6: 206 daAuts
     D:5: 79 daAuts
